AoeStats
← Iguano Pop

Arabian Desert

508991006Analyzed
1v1 RM · 7d ago on Sep 25, 2026· 36m 32s· 2 players
Game mode
Random Map
Map size
Tiny (2 player)
Population
200
Speed
Normal
Resources
Standard
Victory
Conquest
Starting age
Dark Age
Ending age
Imperial Age
RankedLock teamsTeams togetherTeam positionsShared explorationLock speedFull tech treeHidden civsTurbo modeCheats
Victory
Defeat
🇲🇽 Berbers · Mexico
1323
+18
🇧🇴 Spanish · Bolivia
1366
-18
Iguano Pop
11:10 Loom
11:14 Loom
14:37 Feudal Age
15:04 Man-at-Arms
17:20 Fletching
26:13 Castle Age
27:17 Bodkin Arrow
31:18 Redemption
DSLG | GORDA CACHONDA
1:35 Loom
11:56 Feudal Age
15:52 Fletching
24:07 Castle Age
Connection lost

Rejoining the realm…

Still unreachable

The connection could not be restored.

Session expired

The server has moved on; the page needs a fresh start.